 Dungeon Crawl Stone Soup version 0.27-b1-42-g19c61b19a5 (webtiles) character file.

Game seed: 3376148528580880476

269 Crownlay the Chopper (level 6, 0/58 HPs)
             Began as a Gnoll Chaos Knight on July 29, 2021.
             Was a Plaything of Xom.
             Succumbed to a goblin's poison
             ... on level 4 of the Dungeon.
             The game lasted 00:05:32 (2645 turns).

Crownlay the Chopper (Gnoll Chaos Knight)           Turns: 2645, Time: 00:05:32

Health: 0/58       AC:  4    Str: 12    XL:     6   Next: 22%
Magic:  8/8        EV: 12    Int: 11    God:    Xom [..*...]
Gold:   163        SH:  0    Dex: 13    Spells: 8/8 levels left

rFire    . . .     SeeInvis +   a - +0 hand axe (chaos)
rCold    . . .     Faith    .   (no shield)
rNeg     . . .     Spirit   .   b - +2 leather armour
rPois    .         Reflect  .   j - +2 hat
rElec    .         Harm     .   (no cloak)
rCorr    .         Rampage  .   m - +0 pair of gloves
Will     .....                  (no boots)
Stlth    ++........             d - amulet of regeneration
HPRegen  1.19/turn              (no ring)
MPRegen  0.11/turn              (no ring)

@: lethally poisoned (0 -> -1), corroded, cleaving
A: fangs 1, strong nose, distributed training, see invisible, robust 1, wild
magic 1, MP-powered wands
a: Renounce Religion


You were on level 4 of the Dungeon.
You worshipped Xom.
You were a toy of Xom.
You visited 1 branch of the dungeon, and saw 4 of its levels.

You collected 163 gold pieces.

Inventory:

Hand Weapons
 a - a +0 hand axe of chaos (weapon)
Armour
 b - a +2 leather armour (worn)
 f - a +0 helmet
 j - a +2 hat (worn)
 m - a +0 pair of gloves (worn)
Jewellery
 d - an amulet of regeneration (around neck)
 i - a ring of willpower
Wands
 k - a wand of iceblast (4)
Scrolls
 c - a scroll of noise {unknown}
 g - a scroll of identify {unknown}
 n - a scroll of holy word {unknown}
Potions
 e - a potion of brilliance {unknown}
 h - a potion of might {unknown}
 l - a potion of mutation {unknown}


   Skills:
 + Level 6.8 Fighting
 + Level 1.8 Short Blades
 + Level 1.8 Long Blades
 + Level 6.8 Axes
 + Level 1.8 Maces & Flails
 + Level 1.8 Polearms
 + Level 1.8 Staves
 + Level 1.8 Slings
 + Level 1.8 Bows
 + Level 1.8 Crossbows
 + Level 1.8 Throwing
 + Level 4.9 Armour
 + Level 3.2 Dodging
 + Level 1.8 Stealth
 + Level 1.8 Shields
 + Level 1.8 Unarmed Combat
 + Level 1.8 Spellcasting
 + Level 1.4 Conjurations
 + Level 1.4 Hexes
 + Level 1.4 Summonings
 + Level 1.4 Necromancy
 + Level 1.4 Translocations
 + Level 1.4 Transmutations
 + Level 1.4 Fire Magic
 + Level 1.4 Ice Magic
 + Level 1.4 Air Magic
 + Level 1.4 Earth Magic
 + Level 1.4 Poison Magic
 + Level 2.0 Invocations
 + Level 1.8 Evocations


You had 8 spell levels left.
You didn't know any spells.
Your spell library was empty.

Dungeon Overview and Level Annotations

Branches:
Dungeon (4/15)             Temple (0/1) D:4

Altars:
Kikubaaqudgha
Nemelex Xobeh


Innate Abilities, Weirdness & Mutations

You have very sharp teeth.
Your uncanny sense of smell can sniff out nearby items.
Your experience applies equally to all skills.
You have supernaturally acute eyesight. (SInv)
You are robust. (+10% HP)
Your spells are a little harder to cast, but a little more powerful.
You expend magic power (3 MP) to strengthen your wands.


Message History

You barely miss the acid dragon.
The acid dragon is moderately wounded.
You barely miss the goblin. "Go forth and destroy!"
Your +0 hand axe of chaos looks sharp (like it always does).
You are now a toy of Xom.
The acid dragon bites you but does no damage.
The acid dragon closely misses you. The goblin closely misses you.
You hit the acid dragon but do no damage.
The acid dragon is moderately wounded.
You hit the goblin but do no damage.
The goblin resists with some effort.
The acid dragon bites you! The acid dragon misses you.
The goblin barely misses you.
You hit the acid dragon but do no damage.
The acid dragon easily resists.
The acid dragon is moderately wounded.
You closely miss the goblin. The acid dragon spits acid at you.
The splash of acid hits you.
You are splashed with acid!
The goblin misses you.
You closely miss the acid dragon.
The acid dragon is moderately wounded.
You closely miss the goblin. The acid dragon bites you!
* * * LOW HITPOINT WARNING * * *
The acid dragon barely misses you.
You hit the acid dragon.
The acid dragon is moderately wounded.
You closely miss the goblin.
The goblin hits you with a +2 dagger of venom.
* * * LOW HITPOINT WARNING * * *
You are poisoned.
The acid dragon bites you.
* * * LOW HITPOINT WARNING * * *
The acid dragon claws you.
* * * LOW HITPOINT WARNING * * *
You hit the acid dragon but do no damage.
Your bite misses the acid dragon.
The acid dragon is moderately wounded.
You closely miss the goblin.
You die...
Xom giggles madly!

...#.....##..
........>...
....#...... #
........#.# .###
.......... ... ..
.........##..####
#
..........#......
........D.g......
........#@##.####
.. ...#....#.## #
... ## #....#..#
#.⌠ #....#..# #..
#....#..# #..
#....#†.# #.#
#.#.##... ##..
#.#.. ... #.#...
##


You could see an acid dragon and a goblin.

Vanquished Creatures
  A centaur (D:3)
  A scorpion (D:4)
  Ijyb (D:3)
  4 adders
  3 dart slugs (D:1)
  10 bats
  7 endoplasms
  3 giant cockroaches
  4 hobgoblins
  8 jackals (D:2)
  6 kobolds
  A quokka (D:2)
  7 ball pythons
  3 frilled lizards
  3 goblins
  4 rats
66 creatures vanquished.

Vanquished Creatures (others)
  An ogre (D:4)
  A scorpion (D:4)
  A kobold (D:4)
  A fungus (D:1)
4 creatures vanquished.

Grand Total: 70 creatures vanquished

Notes
Turn   | Place    | Note
-------+----------+-------------------------------------------
     0 | D:1      | Crownlay the Gnoll Chaos Knight began the quest for the
                  | Orb.
     0 | D:1      | Reached XP level 1. HP: 23/23 MP: 1/1
    44 | D:1      | Reached XP level 2. HP: 25/29 MP: 2/2
    89 | D:1      | Found a faded altar of an unknown god.
   369 | D:1      | XOM: noise
   372 | D:1      | Reached XP level 3. HP: 35/35 MP: 3/3
   630 | D:1      | XOM: divination: detect items
   706 | D:2      | Reached skill level 1 in Invocations
   759 | D:2      | XOM: enchant monster (good)
   773 | D:2      | XOM: cloud trail
   885 | D:2      | Reached skill level 1 in Short Blades
   885 | D:2      | Reached skill level 1 in Long Blades
   885 | D:2      | Reached skill level 1 in Maces & Flails
   885 | D:2      | Reached skill level 1 in Polearms
   885 | D:2      | Reached skill level 1 in Staves
   885 | D:2      | Reached skill level 1 in Slings
   885 | D:2      | Reached skill level 1 in Bows
   885 | D:2      | Reached skill level 1 in Crossbows
   885 | D:2      | Reached skill level 1 in Throwing
   885 | D:2      | Reached skill level 1 in Stealth
   885 | D:2      | Reached skill level 1 in Shields
   885 | D:2      | Reached skill level 1 in Unarmed Combat
   885 | D:2      | Reached skill level 1 in Spellcasting
   885 | D:2      | Reached skill level 1 in Evocations
  1063 | D:2      | XOM: scenery: summon butterflies
  1150 | D:2      | XOM: scenery: summon butterflies
  1221 | D:2      | XOM: scenery: 1 doors close
  1490 | D:2      | Reached XP level 4. HP: 41/41 MP: 5/5
  1542 | D:3      | Found an ancient bone altar of Kikubaaqudgha.
  1638 | D:3      | Reached skill level 1 in Conjurations
  1638 | D:3      | Reached skill level 1 in Hexes
  1638 | D:3      | Reached skill level 1 in Summonings
  1638 | D:3      | Reached skill level 1 in Necromancy
  1638 | D:3      | Reached skill level 1 in Translocations
  1638 | D:3      | Reached skill level 1 in Transmutations
  1638 | D:3      | Reached skill level 1 in Fire Magic
  1638 | D:3      | Reached skill level 1 in Ice Magic
  1638 | D:3      | Reached skill level 1 in Air Magic
  1638 | D:3      | Reached skill level 1 in Earth Magic
  1638 | D:3      | Reached skill level 1 in Poison Magic
  1659 | D:3      | Found a sparkling altar of Nemelex Xobeh.
  1883 | D:3      | Noticed Ijyb
  1892 | D:3      | Killed Ijyb
  1893 | D:3      | Reached XP level 5. HP: 46/47 MP: 6/6
  1953 | D:3      | XOM: scenery: summon butterflies
  1969 | D:3      | Noticed a centaur
  1970 | D:3      | XOM: confuse monster(s)
  1989 | D:3      | Killed a centaur
  2191 | D:3      | XOM: scenery: summon butterflies
  2366 | D:3      | XOM: give mutations
  2366 | D:3      | Gained mutation: You expend magic power (3 MP) to
                  | strengthen your wands. [Xom's grace]
  2366 | D:3      | Gained mutation: You have supernaturally acute eyesight.
                  | (SInv) [Xom's grace]
  2366 | D:3      | Gained mutation: Your spells are a little harder to cast,
                  | but a little more powerful. [Xom's grace]
  2366 | D:3      | Gained mutation: You are robust. (+10% HP) [Xom's grace]
  2484 | D:4      | Found a staircase to the Ecumenical Temple.
  2506 | D:4      | Reached XP level 6. HP: 55/58 MP: 8/8
  2564 | D:4      | XOM: 1-stop teleportation journey
  2625 | D:4      | Noticed an acid dragon
  2639 | D:4      | XOM: god gift: +9 staff of Olgreb {rPois∞}
  2640 | D:4      | Found the +9 staff of Olgreb {rPois∞}
  2640 | D:4      | XOM: cleaving
  2644 | D:4      | HP: 1/58 [acid dragon (3)]
  2645 | D:4      | Succumbed to a goblin's poison

Illustrated notes

Levels and vault maps discovered:
D:1:      nicolae_arrival_washed_ashore, layout_basic,
          dreamdust_ecumenical_altar_grove, minmay_cut_off
D:2:      layout_loops_corners
D:3:      layout_loops_corners, nemelex_diamond_rough_becter,
          nicolae_kikubaaqudgha_miasma_corner, uniq_ijyb
D:4:      layout_basic, xom_confusion_cloud, minmay_temple_entry_waves

Skill      XL: |  1  2  3  4  5 |
---------------+----------------+-----
Invocations    | 1 2 |  2.0
Short Blades   | 1 |  1.8
Long Blades    | 1 |  1.8
Maces & Flails | 1 |  1.8
Polearms       | 1 |  1.8
Staves         | 1 |  1.8
Slings         | 1 |  1.8
Bows           | 1 |  1.8
Crossbows      | 1 |  1.8
Throwing       | 1 |  1.8
Stealth        | 1 |  1.8
Shields        | 1 |  1.8
Unarmed Combat | 1 |  1.8
Spellcasting   | 1 |  1.8
Evocations     | 1 |  1.8
Conjurations   | 1 |  1.4
Hexes          | 1 |  1.4
Summonings     | 1 |  1.4
Necromancy     | 1 |  1.4
Translocations | 1 |  1.4
Transmutations | 1 |  1.4
Fire Magic     | 1 |  1.4
Ice Magic      | 1 |  1.4
Air Magic      | 1 |  1.4
Earth Magic    | 1 |  1.4
Poison Magic   | 1 |  1.4
Dodging        | 3 |  3.2
Fighting       | |  6.8
Axes           | |  6.8
Armour         | |  4.9

Action                   |  1- 3 |  4- 6 || total
-------------------------+-------+-------++-------
Melee: Hand axe          |   103 |    85 ||   188
       Bite              |     8 |     9 ||    17
       Punch             |       |     2 ||     2
  Use: Scroll            |     1 |       ||     1
 Stab: Sleeping          |     1 |     3 ||     4
       Paralysed         |     1 |       ||     1
       Confused          |       |     2 ||     2
Armor: Leather armour    |    47 |    26 ||    73
Dodge: Dodged            |    80 |    55 ||   135
